Map: Queda Cerúlea LE

Players

Vicster

  • Race: Terran Terran
  • League: Gold
  • Spawn Location: 1:00

Rogerio - Winner!

  • Race: Terran Terran
  • League: Gold
  • Spawn Location: 7:00

VOD

Have the link to the VOD?

Description

Time

  • Played on: Jan. 8, 2019, 3:12 p.m.
  • Length: 15:38
Show
View Real Time Build Order
Export as new Build Order

Vicster Terran 

Build Orders:  

Get SALT Encoding   

  12  0:01  SCV  
  13  0:13  SCV  
  14  0:20  Supply Depot  
  14  0:25  SCV  
  15  0:42  SCV  
  16  0:44  Barracks  
  16  0:48  Refinery  
  16  0:54  SCV  
  17  1:06  SCV  
  18  1:18  SCV  
  19  1:36  Orbital Command  
  19  1:44  Command Center  
  19  1:57  Factory  
  19  2:04  SCV  
  19  2:06  Supply Depot  
  20  2:24  SCV  
  20  2:27  Barracks Reactor  
  21  2:32  Refinery  
  21  2:36  SCV  
  22  2:47  Starport  
  22  2:48  SCV  
  23  2:56  Orbital Command  
  23  3:01  SCV  
  23  3:02  Factory Tech Lab  
  24  3:09  Marine x2  
  26  3:13  SCV  
  27  3:22  Siege Tank  
  27  3:25  SCV  
  27  3:26  Marine  
  27  3:27  Marine  
  32  3:32  Supply Depot  
  32  3:33  SCV  
  34  3:37  SCV  
  35  3:41  Medivac  
  35  3:44  Marine x2  
  35  3:45  SCV  
  40  3:49  SCV  
  40  3:55  Supply Depot  
  41  3:57  SCV  
  41  4:02  Marine  
  43  4:04  Siege Tank  
  43  4:06  Marine  
  43  4:08  SCV  
  48  4:12  SCV  
  48  4:17  Supply Depot  
  49  4:20  Marine, Viking  
  52  4:24  Marine  
  52  4:28  SCV  
  52  4:29  Barracks  
  54  4:31  Refinery  
  54  4:34  Refinery  
  54  4:35  SCV  
  54  4:38  Marine  
  56  4:40  SCV  
  57  4:47  SCV  
  57  5:01  Marine x2  
  57  5:03  Siege Tank, Medivac  
  64  5:12  SCV x2  
  64  5:13  Command Center  
  66  5:18  Barracks  
  66  5:21  Supply Depot  
  66  5:24  SCV  
  50  5:44  Marine x2  
  50  5:45  Siege Tank  
  50  5:46  Starport Reactor  
  55  5:50  SCV  
  55  5:53  Supply Depot  
  55  5:54  Barracks Tech Lab  
  56  5:58  SCV  
  56  6:02  SCV  
  58  6:10  SCV  
  59  6:12  Marine x2  
  59  6:13  Barracks Tech Lab  
  59  6:14  Barracks  
  59  6:16  Supply Depot  
  59  6:17  Siege Tank, Stimpack  
  59  6:18  Marine  
  65  6:35  Marine  
  65  6:37  Marine x3  
  69  6:40  Viking, Medivac  
  69  6:46  Refinery  
  73  6:48  Combat Shield  
  73  6:49  Siege Tank  
  73  6:53  Marine  
  77  6:55  Marine x2  
  77  6:56  Supply Depot  
  79  7:04  Barracks  
  79  7:05  Barracks  
  79  7:06  Barracks  
  78  7:23  Supply Depot  
  72  7:41  Orbital Command  
  72  7:49  Engineering Bay  
  72  7:51  Engineering Bay  
  72  7:54  Barracks Reactor  
  72  7:56  Barracks Reactor x3  
  72  8:07  Starport Reactor  
  72  8:09  Marine x4  
  72  8:12  Starport  
  76  8:21  SCV x2  
  76  8:24  SCV  
  76  8:27  Marine x4  
  79  8:28  Terran Infantry Weapons Level 1  
  79  8:33  SCV x2, Terran Infantry Armor Level 1  
  85  8:36  SCV  
  85  8:40  Supply Depot  
  86  8:43  Missile Turret  
  86  8:44  Marine x2, Missile Turret  
  86  8:45  SCV  
  86  8:46  Missile Turret  
  86  8:47  Missile Turret  
  89  8:55  Missile Turret  
  88  9:02  Supply Depot  
  83  9:19  Refinery  
  83  9:22  SCV x2  
  83  9:23  SCV  
  86  9:28  Refinery  
  86  9:33  Marine  
  86  9:34  Marine x5, SCV  
  86  9:35  SCV x2  
  95  9:42  Missile Turret, Supply Depot  
  95  9:46  SCV  
  95  9:49  Armory  
  95  9:51  Marine x2  
  95  9:52  Marine x4  
  102  9:56  Refinery  
  102  10:03  Missile Turret  
  102  10:04  Supply Depot  
  102  10:09  Marine x2  
  102  10:11  Barracks, Viking x2, Starport Tech Lab  
  108  10:17  Marauder x2  
  112  10:38  Supply Depot  
  112  10:39  Marauder x2  
  112  10:57  Orbital Command  
  112  11:00  Marauder  
  91  11:35  Missile Turret  
  90  11:46  Terran Infantry Weapons Level 2  
  90  11:47  Terran Infantry Armor Level 2  
  90  11:49  Terran Vehicle Weapons Level 1  
  90  11:59  Raven  
  92  12:02  SCV x3  
  95  12:14  SCV x3  
  98  12:23  Missile Turret  
  98  12:26  SCV x2  
  98  12:27  Missile Turret  
  98  12:28  Refinery  
  98  12:29  SCV  
  101  12:38  SCV x2  
  101  12:42  SCV  
  104  12:45  Missile Turret  
  104  12:50  SCV x2  
  106  12:54  SCV  
  107  13:01  Marine  
  107  13:02  Marine x5  
  113  13:19  Marine  
  93  13:20  Marine x5  
  79  13:34  Siege Tank  
  78  13:37  Marine x6  
  78  13:38  Medivac x3  
  90  13:55  Marine x5  
  91  13:56  Marauder  
  91  13:57  Command Center  
  94  14:02  Command Center  
  94  14:08  Medivac x2  
  95  14:12  Marine  
  95  14:13  Marine  
  95  14:14  Marauder  
  98  14:17  Marauder  
  61  15:14  Missile Turret  
  61  15:15  Missile Turret  
  51  15:22  Command Center  
Show
View Real Time Build Order
Export as new Build Order

Rogerio Terran - Winner!

Build Orders:  

Get SALT Encoding   

  12  0:03  SCV  
  13  0:15  SCV  
  14  0:24  Supply Depot  
  14  0:27  SCV  
  15  0:33  Supply Depot  
  15  0:47  Barracks  
  15  0:51  SCV  
  16  1:03  SCV  
  17  1:15  SCV  
  18  1:31  Command Center  
  18  1:40  Orbital Command  
  18  1:51  Marine  
  18  1:52  Bunker  
  19  2:01  Refinery  
  19  2:07  Refinery  
  19  2:09  Marine  
  20  2:37  SCV  
  20  2:38  Engineering Bay  
  20  2:40  Marine  
  22  2:46  SCV  
  22  2:49  SCV  
  24  2:58  Marine, SCV  
  26  3:01  SCV  
  27  3:06  Factory  
  27  3:10  Missile Turret, SCV  
  28  3:14  SCV  
  29  3:22  SCV  
  29  3:26  SCV  
  31  3:31  Supply Depot  
  31  3:34  SCV  
  32  3:42  Refinery  
  32  3:45  Refinery  
  32  3:46  SCV  
  33  3:56  Starport  
  33  3:58  Factory Tech Lab  
  33  4:00  Starport  
  33  4:02  Planetary Fortress  
  33  4:24  Missile Turret  
  33  4:25  Missile Turret, Siege Tank  
  36  4:36  Starport Tech Lab  
  36  4:39  Starport Tech Lab  
  36  4:44  Command Center  
  36  4:47  Missile Turret  
  36  4:52  Missile Turret  
  36  4:57  Banshee  
  39  5:02  Banshee  
  42  5:09  SCV  
  43  5:21  SCV  
  44  5:33  SCV  
  45  5:45  SCV  
  45  5:47  Cloaking Field  
  45  5:49  Hyperflight Rotors  
  46  5:52  Siege Tank  
  49  5:57  SCV, Bunker  
  50  6:09  SCV  
  51  6:20  Banshee x2  
  51  6:21  SCV, Sensor Tower  
  58  6:33  SCV  
  59  6:40  Planetary Fortress  
  59  6:45  SCV  
  60  6:49  Armory  
  60  6:52  Armory  
  60  7:02  SCV  
  60  7:08  Missile Turret  
  61  7:10  Missile Turret  
  61  7:13  Factory  
  61  7:14  SCV  
  62  7:18  Banshee  
  62  7:22  Banshee  
  68  7:26  SCV  
  69  7:41  Supply Depot  
  69  7:54  Supply Depot  
  69  7:55  Supply Depot  
  69  7:58  Factory Tech Lab  
  69  8:00  Missile Turret  
  69  8:13  SCV, Banshee x2  
  69  8:14  SCV  
  69  8:15  Supply Depot  
  77  8:21  Supply Depot  
  77  8:26  SCV x2  
  79  8:30  Siege Tank  
  82  8:38  SCV  
  82  8:41  Sensor Tower  
  83  8:50  SCV  
  84  9:02  SCV, Siege Tank  
  88  9:14  SCV  
  88  9:16  Banshee x2  
  95  9:35  SCV  
  96  9:43  Starport  
  96  9:47  SCV  
  96  9:50  Starport x2  
  97  9:56  Terran Vehicle And Ship Armor Level 1  
  97  9:58  Terran Ship Weapons Level 1  
  97  9:59  SCV, Banshee x2  
  104  10:07  Command Center  
  104  10:08  Refinery  
  104  10:11  SCV  
  104  10:13  Refinery  
  105  10:21  Missile Turret  
  105  10:22  Thor  
  105  10:23  SCV  
  105  10:24  Missile Turret  
  91  11:45  Starport Tech Lab  
  91  11:46  Starport Tech Lab x2  
  88  11:50  Fusion Core  
  88  11:54  Supply Depot  
  88  12:03  Supply Depot, Terran Vehicle And Ship Armor Level 2  
  88  12:04  Terran Ship Weapons Level 2  
  88  12:05  Supply Depot  
  88  12:06  Thor  
  94  12:13  Missile Turret  
  94  12:16  Missile Turret  
  94  12:25  SCV  
  95  12:36  SCV  
  96  12:37  SCV  
  96  12:40  Weapon Refit  
  97  12:49  Thor, SCV  
  104  12:51  Missile Turret  
  104  12:58  Factory  
  104  13:01  SCV  
  104  13:02  Battlecruiser x4  
  129  13:13  SCV  
  127  13:25  SCV  
  128  13:37  SCV  
  128  13:39  Battlecruiser  
  135  13:49  SCV  
  135  13:50  Missile Turret  
  135  13:53  Thor  
  135  13:54  Missile Turret  
  142  14:06  Battlecruiser  
  142  14:13  Missile Turret  
  142  14:20  Missile Turret  
Tags
 
League
GoldGold
Matchup
TvT
Race
Terran
Replay Pack
Vicster replay
Spawn Locations
Cross Positions
Add a new tag
Caveats
  • Supply blocks, unpowered buildings, or Contaminate may cause inaccurate times.
  • Supply counts are checked every 10 seconds.